 Dungeon Crawl Stone Soup version 0.27.1-34-g3ba077fa99 (webtiles) character file.

Game seed: 768110647516349991

141 Arum the Shield-Bearer (level 5, -3/42 (43) HPs)
             Began as a Formicid Fighter on Jan 15, 2022.
             Slain by a water moccasin (6 damage)
             ... in a sewer.
             The game lasted 00:04:08 (2784 turns).

Arum the Shield-Bearer (Formicid Fighter)           Turns: 2784, Time: 00:04:08

HP:   -3/42 (43)    AC:  8    Str: 22    XL:     5   Next: 48%
MP:   5/5           EV:  8    Int: 13    God:
Gold: 104           SH: 10    Dex: 10    Spells: 4/4 levels left

rFire    + . .     SeeInvis +   a - +0 war axe
rCold    . . .     Faith    .   c - +0 kite shield
rNeg     . . .     Spirit   .   o - +2 scale mail {rF+}
rPois    .         Reflect  .   (helmet unavailable)
rElec    .         Harm     .   (no cloak)
rCorr    .         Rampage  .   (no gloves)
Will     .....                  (no boots)
Stlth    ..........             (no amulet)
HPRegen  0.14/turn              f - +6 ring of intelligence
MPRegen  0.09/turn              (no ring)

@: mighty, lethally poisoned (-3 -> -23), lightly drained
A: permanent stasis, dig shafts and tunnels, antennae 3, four strong arms
a: Dig


You were in a sewer.
You visited 1 branch of the dungeon, and saw 3 of its levels.
You also visited: Sewer.

You collected 104 gold pieces.

Inventory:

Hand Weapons
 a - a +0 war axe (weapon)
 b - a +2 battleaxe of venom
Armour
 c - a +0 kite shield (worn)
 o - a +2 scale mail of fire resistance (worn)
Jewellery
 f - a +6 ring of intelligence (left hand)
Scrolls
 g - 3 scrolls of vulnerability
 j - 2 scrolls of amnesia
Potions
 d - 2 potions of might
 i - a potion of flight {unknown}
 m - a potion of haste {unknown}
 n - a potion of brilliance {unknown}


   Skills:
 + Level 4.5 Fighting
 + Level 3.3 Axes
 - Level 3.2 Armour
 + Level 5.0 Shields


You had 4 spell levels left.
You didn't know any spells.
Your spell library contained the following spells:

 Spells                   Type           Power      Damage    Failure   Level
 Ensorcelled Hibernation  Hex/Ice        0%         N/A       96%         2
 Passwall                 Tmut/Erth      0%         N/A       96%         2
 Slow                     Hex            0%         N/A       96%         2
 Confusing Touch          Hex            0%         N/A       99%         3
 Gell's Gravitas          Tloc           0%         N/A       99%         3
 Spider Form              Tmut/Pois      0%         N/A       99%         3
 Teleport Other           Tloc           0%         N/A       99%         3
 Fulminant Prism          Conj/Hex       0%         3d6       100%        4
 Iskenderun's Mystic Bla  Conj/Tloc      0%         2d3       100%        4
 Lee's Rapid Deconstruct  Erth           0%         3d5*      100%        5
 Yara's Violent Unravell  Hex/Tmut       0%         3d3       100%        5
 Dispersal                Tloc           0%         N/A       100%        6
 Invisibility             Hex            0%         N/A       100%        6
 Shadow Creatures         Summ           N/A        N/A       100%        6
 Swiftness                Air            Unusable   N/A       N/A         3

Dungeon Overview and Level Annotations

Branches:
Dungeon (3/15)              Sewer (1/1)

Altars:
Xom


Innate Abilities, Weirdness & Mutations

You cannot be hasted, slowed, berserked, paralysed or teleported.
You can dig through walls and to a lower floor.
You have a pair of large antennae on your head. (SInv)
Your four strong arms can wield two-handed weapons with a shield.


Message History

* * * LOW HITPOINT WARNING * * *
You feel very sick. You block the water moccasin's attack.
The water moccasin bites you.
* * * LOW HITPOINT WARNING * * *
You feel better. The water moccasin closely misses you.
You block the water moccasin's attack.
It was a potion of heal wounds.
You feel much better.
The water moccasin bites you but does no damage.
You closely miss the water moccasin.
You block the water moccasin's attack. x2
You closely miss the water moccasin. The water moccasin bites you.
The water moccasin bites you but does no damage.
You closely miss the water moccasin.
The water moccasin closely misses you. x2
You slice the water moccasin!!
The water moccasin is severely wounded.
You block the water moccasin's attack. The water moccasin barely misses you.
You slash the water moccasin!
The water moccasin is almost dead.
The water moccasin bites you but does no damage.
You block the water moccasin's attack.
You closely miss the water moccasin.
The water moccasin is almost dead.
The water moccasin bites you but does no damage. x2
You miss the water moccasin.
The water moccasin is almost dead.
The water moccasin bites you.
You are poisoned.
The water moccasin poisons you! The water moccasin bites you!
You barely miss the water moccasin.
The water moccasin is almost dead.
You feel very sick.
You block the water moccasin's attack. x2
You miss the water moccasin.
The water moccasin is almost dead.
* * * LOW HITPOINT WARNING * * *
You feel very sick. The water moccasin bites you.
* * * LOW HITPOINT WARNING * * *
You are more poisoned.
The water moccasin poisons you! The water moccasin bites you.
You die...

#..###≈.##
#..≈ #≈..#
#..# ##..#
#.≈ #..#
#. #≈.#
##≈≈#
#≈..#
##..##
#.@.#
#...≈S##
#≈≈.≈≈#
##.≈.##
#.≈. .#≈#
$(#. ## ##


You could see a water moccasin.

Vanquished Creatures
  Terence (D:3)
  A gnoll (D:3)
  3 adders
  4 worms
  A dart slug (D:1)
  3 orcs (D:3)
  8 endoplasms
  A giant cockroach (D:3)
  3 goblins (D:3)
  3 hobgoblins
  6 jackals
  3 quokkas
  7 ball pythons
  6 bats
  2 frilled lizards
  9 kobolds
  2 rats (D:3)
63 creatures vanquished.

Notes
Turn   | Place    | Note
-------+----------+-------------------------------------------
     0 | D:1      | Arum the Formicid Fighter began the quest for the Orb.
     0 | D:1      | Reached XP level 1. HP: 18/18 MP: 1/1
   200 | D:1      | Reached XP level 2. HP: 24/24 MP: 2/2
   247 | D:1      | Reached skill level 4 in Shields
   413 | D:1      | Reached XP level 3. HP: 21/30 MP: 3/3
  2113 | D:3      | Noticed Terence
  2121 | D:3      | Killed Terence
  2122 | D:3      | Reached XP level 4. HP: 37/37 MP: 4/4
  2165 | D:3      | Found a shimmering altar of Xom.
  2225 | D:3      | Identified a scroll of acquirement
  2225 | D:3      | Acquired a +2 battleaxe of venom
  2319 | D:3      | Reached XP level 5. HP: 37/39 MP: 5/5
  2540 | D:3      | Found a glowing drain.
  2558 | D:3      | Reached skill level 5 in Shields
  2579 | Sewer    | Entered a sewer
  2762 | Sewer    | Noticed a water moccasin
  2784 | Sewer    | Slain by a water moccasin

Illustrated notes

Levels and vault maps discovered:
D:1:      saegor_arrival_miasma, layout_loops_ring, minivault_4, st_stairs_5,
          minmay_distorted
D:2:      wad_lake_hut, layout_basic
D:3:      layout_basic, tgw_xom, cheibrodos_sewer_entry_bend, serial_curves,
          eino_curves_01, eino_curves_03, eino_curves_03, eino_curves_03,
          uniq_terence
Sewer:    sewer_the_moccasin

Skill      XL: |  1  2  3  4  5 |
---------------+----------------+-----
Shields        | 4 5 |  5.0
Fighting       | 4 |  4.5
Axes           | 3 |  3.3
Armour         | |  3.2

Action                   |  1- 3 |  4- 6 || total
-------------------------+-------+-------++-------
Melee: War axe           |   103 |    31 ||   134
       Battleaxe         |       |    60 ||    60
 Abil: Dig               |       |     3 ||     3
  Use: Scroll            |       |     5 ||     5
       Potion            |       |     5 ||     5
Armor: Scale mail        |    65 |    42 ||   107
Dodge: Dodged            |    56 |    31 ||    87
Block: Kite shield       |    68 |    59 ||   127
